 Dungeon Crawl Stone Soup version 0.17-a0-2215-g49c1de0 (webtiles) character file.

5504 tp1 the Arsonist (level 10, -5/50 HPs)
             Began as a Deep Elf Conjurer on Oct 27, 2015.
             Was an Elder of Vehumet.
             Slain by a komodo dragon (8 damage)
             ... on level 1 of the Lair of Beasts.
             The game lasted 01:13:01 (8655 turns).

tp1 the Arsonist (Deep Elf Conjurer)                Turns: 8655, Time: 01:13:01

Health: -5/50      AC:  7    Str:  5    XL:     10   Next: 42%
Magic:  21/24      EV: 15    Int: 24    God:    Vehumet [****..]
Gold:   279        SH:  3    Dex: 15    Spells: 8 memorised, 0 levels left

rFire  . . .     SeeInvis .     C - +0 rapier
rCold  . . .     Clarity  .     U - +0 robe
rNeg   . . .     SustAt   .     S - +0 buckler
rPois  +         Gourm    .     d - +1 hat
rElec  .         Spirit   .     V - +0 cloak {rPois}
rCorr  .         Warding  .     W - +1 pair of gloves
rMut   +         Rnd*Tele +     R - +0 pair of boots
MR     ++...                    v - amulet of resist mutation
Stlth  ++........               M - ring of poison resistance
                                E - ring of teleportation

@: very resistant to hostile enchantments, unstealthy
A: magic resistance 1
a: Renounce Religion, Evoke Teleportation


You were on level 1 of the Lair of Beasts.
You worshipped Vehumet.
Vehumet was greatly pleased with you.
You were not hungry.

You visited 2 branches of the dungeon, and saw 10 of its levels.
You also visited: Ossuary.

You collected 750 gold pieces.
You spent 471 gold pieces at shops.

Inventory:

Hand Weapons
 C - a +0 rapier (weapon)
Armour
 d - a +1 hat (worn)
 I - the +1 chain mail of the Shoals {rElec Int+2}
   (You found it on level 5 of the Dungeon)

   It affects your intelligence (+2).
   It insulates you from electricity.
 R - a +0 pair of boots (worn)
 S - a +0 buckler (worn)
 T - a +1 leather armour of fire resistance
 U - a +0 robe (worn)
 V - a +0 cloak of poison resistance (worn)
 W - a +1 pair of gloves (worn)
Jewellery
 g - an uncursed amulet of clarity
 v - an amulet of resist mutation (around neck)
 E - a ring of teleportation (left hand)
 M - a ring of poison resistance (right hand)
Wands
 a - a wand of digging (17)
 A - a wand of polymorph (14)
 D - a wand of disintegration (16)
 G - a wand of fire (5)
 Q - a wand of digging (12)
Scrolls
 e - 2 scrolls of random uselessness {unknown}
 j - 3 scrolls of remove curse
 n - 2 scrolls of magic mapping
 r - a scroll of immolation {unknown}
 u - 3 scrolls of enchant armour {unknown}
 w - 2 scrolls of fear {unknown}
 z - a scroll of blinking {unknown}
 H - a scroll of enchant weapon {unknown}
 K - a scroll of acquirement {unknown}
 L - 6 scrolls of identify
Potions
 h - a potion of curing
 k - 3 potions of degeneration {unknown}
 l - 3 potions of might {unknown}
 o - 3 potions of lignification {unknown}
 p - a potion of invisibility {unknown}
 q - 2 potions of brilliance {unknown}
 s - a potion of ambrosia {unknown}
 t - 3 potions of berserk rage {unknown}
 x - 3 potions of flight {unknown}
 B - 2 potions of poison {unknown}
 N - 2 potions of haste {unknown}
 O - a potion of heal wounds {unknown}
Books
 b - a book of Conjurations

   Spells                             Type                      Level
   a - Magic Dart                     Conjuration                  1
   b - Searing Ray                    Conjuration                  2
   c - Dazzling Spray                 Conjuration/Hexes            3
   d - Fulminant Prism                Conjuration/Hexes            4
   e - Iskenderun's Mystic Blast      Conjuration                  4
   f - Iskenderun's Battlesphere      Conjuration/Charms           5
 Y - a book of Fire

   Spells                             Type                      Level
   a - Ignite Poison                  Fire/Transmutation/Poison    3
   b - Fireball                       Conjuration/Fire             5
   c - Bolt of Fire                   Conjuration/Fire             6
   d - Delayed Fireball               Conjuration/Fire             7
   e - Ring of Flames                 Charms/Fire                  7
Comestibles
 c - 3 bread rations
 m - 5 meat rations
 F - a slice of pizza
 J - a beef jerky
 P - a royal jelly


   Skills:
 - Level 6.0 Dodging
 - Level 2.4 Stealth
 - Level 8.1 Spellcasting
 - Level 9.0 Conjurations
 - Level 3.0 Hexes
 - Level 8.0 Charms
 + Level 10.8 Fire Magic


You couldn't memorise any spells.
You knew the following spells:

 Your Spells              Type           Power        Failure   Level  Hunger
a - Magic Dart            Conj           ####         1%          1    None
b - Searing Ray           Conj           ######       1%          2    None
c - Dazzling Spray        Conj/Hex       #####...     1%          3    None
d - Iskenderun's Battles  Conj/Chrm      ######..     2%          5    #####..
e - Shock                 Conj/Air       ####         1%          1    None
f - Inner Flame           Hex/Fire       #####...     1%          3    None
g - Fireball              Conj/Fire      ######....   2%          5    #####..
h - Bolt of Magma         Conj/Fire/Erth #####.....   5%          5    #####..


Dungeon Overview and Level Annotations

Branches:
Dungeon (9/15)             Temple (0/1) D:7            Lair (1/8) D:9
    Orc: D:9-12

Altars:
Cheibriados
Dithmenos
Gozag
Nemelex Xobeh
Qazlal
Ru
Sif Muna
Vehumet
Zin

Shops:
D:7 ([[

Annotations:
D:8 4thArraOfDagon's ghost, novice TrHu
D:9 exclusion: orange crystal statue


Innate Abilities, Weirdness & Mutations

You are resistant to hostile enchantments.


Message History

An iguana and a komodo dragon come into view.
The komodo dragon bites you!!
Found 2 ruby potions.
Okay, then.
You fail to use your ability.
The komodo dragon bites you!!
Ouch! That really hurt!
* * * LOW HITPOINT WARNING * * *
Drink which item? (? for menu, Esc to quit)
You feel better. The komodo dragon barely misses you.
The komodo dragon closely misses you. The iguana closely misses you.
You fail to use your ability.
You block the komodo dragon's attack. You block the komodo dragon's attack.
The iguana bites you.
* * * LOW HITPOINT WARNING * * *
Drink which item? (? for menu, Esc to quit)
You feel better. The komodo dragon closely misses you.
The komodo dragon bites you!
* * * LOW HITPOINT WARNING * * *
The iguana misses you. The iguana closely misses you.
The komodo dragon bites you!
You die...

### ####.!
##.?... ###.
#...... .....
#..†.####......
#..llll......#
####l@l##.##...
#.### .# ## ..
#.P. .... ##
#... .# #.. #..
#.. ##...
#.###....


You could see 3 komodo dragons and 3 iguanas.

Vanquished Creatures
  Gastronok (D:8)
  A komodo dragon (Lair:1)
  An ice beast (D:8)
  A centaur (D:8)
  A sky beast (D:7)
  2 phantoms
  4 orc warriors
  5 ogres
  A giant frog (D:8)
  An elf zombie (Ossuary)
  2 gnoll sergeants
  Blork the orc (D:6)
  A wyvern skeleton (D:8)
  2 scorpions
  5 killer bees (D:7)
  2 crimson imps
  A jelly (D:5)
  2 hounds
  Crazy Yiuf (D:2)
  7 orc priests
  Ijyb (D:3)
  A giant frog skeleton (D:6)
  Jessica (D:2)
  2 centaur skeletons
  4 iguanas
  6 worker ants
  Terence (D:4)
  5 orc wizards
  8 sheep (D:9)
  A killer bee zombie (D:6)
  3 big kobold zombies (Ossuary)
  A hound skeleton (D:6)
  2 mummies (Ossuary)
  16 gnolls
  2 worker ant zombies
  A river rat (D:9)
  11 adders
  2 oozes (D:4)
  An adder skeleton (D:7)
  7 worms
  9 giant geckos
  39 orcs
  9 bats
  6 giant cockroaches
  4 gnoll zombies (Ossuary)
  8 hobgoblins
  7 jackals
  A ball python (D:3)
  2 giant gecko skeletons
  A giant gecko zombie (D:7)
  5 giant newts
  8 goblins
  3 goblin zombies (Ossuary)
  2 hobgoblin zombies (Ossuary)
  4 kobolds
  An orc zombie (Ossuary)
  5 quokkas
  4 rats
236 creatures vanquished.

Vanquished Creatures (others)
  2 plants
2 creatures vanquished.

Grand Total: 238 creatures vanquished

Notes
Turn   | Place    | Note
--------------------------------------------------------------
     0 | D:1      | tp1 the Deep Elf Conjurer began the quest for the Orb.
     0 | D:1      | Reached XP level 1. HP: 10/10 MP: 6/6
   385 | D:1      | Reached XP level 2. HP: 15/15 MP: 7/9
   712 | D:1      | Learned a level 2 spell: Searing Ray
   869 | D:2      | Noticed Jessica
   872 | D:2      | Killed Jessica
   872 | D:2      | Reached skill level 5 in Spellcasting
   872 | D:2      | Reached XP level 3. HP: 13/19 MP: 6/11
  1116 | D:2      | Found a sacrificial altar of Ru.
  1200 | D:2      | Learned a level 3 spell: Dazzling Spray
  1222 | D:2      | Noticed Terence
  1357 | D:2      | Noticed Crazy Yiuf
  1364 | D:2      | Killed Crazy Yiuf
  1364 | D:2      | Reached skill level 6 in Spellcasting
  1364 | D:2      | Reached XP level 4. HP: 24/24 MP: 7/14
  1887 | D:3      | Noticed Ijyb
  1900 | D:3      | Killed Ijyb
  1900 | D:3      | Reached skill level 5 in Conjurations
  1900 | D:3      | Reached XP level 5. HP: 28/28 MP: 4/15
  1914 | D:3      | Learned a level 5 spell: Iskenderun's Battlesphere
  1980 | D:3      | Reached skill level 1 in Charms
  2044 | D:3      | Found a stormy altar of Qazlal.
  2480 | D:3      | Found a radiant altar of Vehumet.
  2494 | D:3      | Became a worshipper of Vehumet
  2512 | D:3      | Reached XP level 6. HP: 28/32 MP: 1/17
  2833 | D:4      | Reached skill level 5 in Charms
  2936 | D:4      | Reached skill level 7 in Charms
  3272 | D:4      | Found a glowing silver altar of Zin.
  3272 | D:4      | Found a shadowy altar of Dithmenos.
  3275 | D:4      | Reached * piety under Vehumet
  3275 | D:4      | Offered knowledge of Sting by Vehumet.
  3302 | D:4      | Reached XP level 7. HP: 5/36 MP: 9/18
  3398 | D:4      | Killed Terence
  3398 | D:4      | Reached skill level 8 in Charms
  3742 | D:5      | Entered Level 5 of the Dungeon
  3884 | D:5      | Got a slimy chain mail
  3895 | D:5      | Identified the cursed +1 chain mail of the Shoals {rElec Int+2} (You found it on level 5 of the Dungeon)
  4064 | D:5      | Found a sparkling altar of Nemelex Xobeh.
  4095 | D:5      | Found an opulent altar of Gozag.
  5000 | D:6      | Reached XP level 8. HP: 41/41 MP: 15/22
  5009 | D:6      | Reached ** piety under Vehumet
  5009 | D:6      | Offered knowledge of Shock by Vehumet.
  5012 | D:6      | Learned a level 1 spell: Shock
  5407 | D:6      | Noticed Blork the orc
  5412 | D:6      | Killed Blork the orc
  5701 | D:6      | Found a snail-covered altar of Cheibriados.
  5702 | D:6      | Found a deep blue altar of Sif Muna.
  5800 | D:7      | Found a staircase to the Ecumenical Temple.
  5811 | D:7      | Reached skill level 9 in Conjurations
  5821 | D:7      | Found a sand-covered staircase.
  5829 | Ossuary  | Entered an ossuary
  5939 | Ossuary  | Offered knowledge of Inner Flame by Vehumet.
  5987 | Ossuary  | Learned a level 3 spell: Inner Flame
  6176 | D:7      | Found Piujiwev's Antique Weapon Emporium.
  6379 | D:7      | Reached skill level 5 in Dodging
  6386 | D:7      | Found Jicrewki's Armour Shop.
  6391 | D:7      | Reached *** piety under Vehumet
  6403 | D:7      | Gained mutation: You are resistant to hostile enchantments. [mutagenic meat]
  6410 | D:7      | Bought a +0 buckler for 45 gold pieces
  6419 | D:7      | Reached XP level 9. HP: 45/45 MP: 12/23
  6424 | D:7      | Reached skill level 1 in Fire Magic
  6761 | D:7      | Offered knowledge of Stone Arrow by Vehumet.
  6770 | D:7      | Found Muott's Antique Armour Shop.
  6776 | D:7      | Bought a pair of runed boots for 112 gold pieces
  6776 | D:7      | Bought a runed leather armour for 50 gold pieces
  6776 | D:7      | Bought an embroidered robe for 17 gold pieces
  6776 | D:7      | Bought a runed cloak for 112 gold pieces
  6840 | D:7      | Found a staircase to the Ecumenical Temple.
  6940 | D:7      | Found Jicrewki's Armour Shop.
  6949 | D:7      | Bought a +1 pair of gloves for 115 gold pieces
  6949 | D:7      | Bought a +0 leather armour for 20 gold pieces
  6974 | D:7      | Found Piujiwev's Antique Weapon Emporium.
  7044 | D:7      | Reached skill level 5 in Fire Magic
  7370 | D:8      | Learned a level 5 spell: Fireball
  7390 | D:8      | Reached skill level 1 in Hexes
  8009 | D:8      | Reached **** piety under Vehumet
  8111 | D:8      | Noticed Gastronok
  8146 | D:8      | Killed Gastronok
  8146 | D:8      | Reached skill level 10 in Fire Magic
  8146 | D:8      | Reached XP level 10. HP: 50/50 MP: 2/24
  8206 | D:8      | Noticed 4thArraOfDagon's ghost (novice TrHu)
  8303 | D:9      | Offered knowledge of Bolt of Magma by Vehumet.
  8331 | D:9      | Learned a level 5 spell: Bolt of Magma
  8389 | D:9      | Noticed an orange crystal statue
  8406 | D:9      | HP: 1/50 [worker ant (8)]
  8460 | D:9      | Found a staircase to the Lair.
  8464 | Lair:1   | Entered Level 1 of the Lair of Beasts
  8477 | Lair:1   | Noticed a black mamba
  8652 | Lair:1   | HP: 1/50 [komodo dragon (29)]
  8655 | Lair:1   | Slain by a komodo dragon

Vault maps used:
D:1:      dpeg_arrival_tiny_c, grunt_decor_resistance
D:2:      nicolae_ru_sacrificial_ziggurat, uniq_jessica, uniq_terence,
          uniq_crazy_yiuf_cottage
D:3:      lemuel_round_altar, vehumet_altar_wand_db, first_bread,
          kennysheep_nub, uniq_iyjb
D:4:      grunt_temple_overflow_open
D:5:      nemelex_deck, grunt_gozag_breadcrumbs, minmay_strange_pillars
D:6:      nicolae_overflow_hidden_temple, st_stairs_9, uniq_blork_the_orc
D:7:      minmay_temple_entry_junction, enter_ossuary_2, serial_shops, shop,
          nicolae_shop_crystal, shop
D:8:      tgw_trog, serial_shops, shop, uniq_maurice, uniq_gastronok
D:9:      minmay_lair_entry_grove, orc_0_dummy, hangedman_ranch, minivault_16,
          nicolae_sextant
Lair:1:   beast_lair_carwin_large_1, uniq_erica
Ossuary:  minmay_ossuary_gauntlet

Action                   |  1- 3 |  4- 6 |  7- 9 | 10-12 || total
-------------------------+-------+-------+-------+-------++-------
Melee: Dagger            |     3 |    14 |       |       ||    17
       Rapier            |       |       |       |     9 ||     9
 Cast: Magic Dart        |    53 |    88 |   186 |    28 ||   355
       Searing Ray       |     5 |    11 |    18 |       ||    34
       Dazzling Spray    |       |     7 |     2 |       ||     9
       Iskenderun's Batt |       |     6 |    51 |     5 ||    62
       Shock             |       |       |    25 |       ||    25
       Inner Flame       |       |       |     5 |     2 ||     7
       Fireball          |       |       |     2 |     3 ||     5
 Abil: Evoke Teleportati |       |       |       |     2 ||     2
Evoke: Wand              |       |     3 |       |       ||     3
  Use: Scroll            |     3 |     1 |     4 |     2 ||    10
       Potion            |       |       |     1 |     3 ||     4
 Stab: Invisible         |       |     1 |       |       ||     1
  Eat: Chunk             |     1 |     8 |    27 |       ||    36
       Fruit             |       |       |     2 |       ||     2
       Pizza             |       |       |     1 |       ||     1
       Bread ration      |       |       |       |     1 ||     1
